 Dungeon Crawl Stone Soup version 0.29.1-12-g30fa7ad0bf (webtiles) character file.

Game seed: 12599813219065748821

40 MacCMillion the Caller (level 3, 0/21 HPs)
             Began as an Octopode Summoner on Jan 2, 2023.
             Slain by a white imp (5 damage)
             ... summoned by Natasha
             ... on level 2 of the Dungeon.
             The game lasted 00:06:28 (2019 turns).

MacCMillion the Caller (Octopode Summoner)          Turns: 2019, Time: 00:06:28

Health: 0/21       AC:  1    Str:  7    XL:     3   Next: 50%
Magic:  3/6        EV: 13    Int: 19    God:
Gold:   8          SH:  0    Dex: 12    Spells: 3/7 levels left

rFire   . . .      SeeInvis .   e - +0 spear
rCold   . . .      Faith    .   (no shield)
rNeg    . . .      Spirit   .   (helmet restricted)
rPois   .          Reflect  .   (no amulet)
rElec   .          Harm     .   (no ring)
rCorr   .          Rampage  .   (no ring)
Will    .....                   (no ring)
Stlth   +++.......              (no ring)
HPRegen 0.07/turn               (no ring)
MPRegen 0.10/turn               (no ring)
                                (no ring)
                                (no ring)

@: no status effects
A: almost no armour, amphibious, 8 rings, camouflage 1, gelatinous body 1,
(nimble swimmer 1), tentacles
a: no special abilities


You were on level 2 of the Dungeon.
You visited 1 branch of the dungeon, and saw 2 of its levels.

You collected 8 gold pieces.

Inventory:

Hand Weapons
 d - a +0 dagger
 e - a +0 spear (weapon)
Magical Staves
 h - a staff of earth
Jewellery
 c - a ring of fire
Scrolls
 b - a scroll of teleportation {unknown}
 f - a scroll of fog {unknown}
Potions
 a - a potion of magic
 g - a potion of brilliance {unknown}
 i - a potion of curing {unknown}


   Skills:
 - Level 2.0 Dodging
 - Level 2.7 Stealth
 + Level 2.5 Spellcasting
 * Level 4.8 Summonings


You had 3 spell levels left.
You knew the following spells:

 Your Spells              Type           Power      Damage    Failure   Level
a - Summon Small Mammal   Summ           80%        N/A       2%          1
b - Call Canine Familiar  Summ           20%        N/A       7%          3

Your spell library contained the following spells:

 Spells                   Type           Power      Damage    Failure   Level
 Call Imp                 Summ           20%        N/A       3%          2
 Foxfire                  Conj/Fire      8%         2x1d4     16%         1
 Summon Guardian Golem    Hex/Summ       11%        N/A       19%         3
 Conjure Flame            Conj/Fire      2%         6-21      43%         3
 Inner Flame              Hex/Fire       2%         N/A       43%         3
 Summon Lightning Spire   Summ/Air       11%        N/A       52%         4
 Flame Wave               Conj/Fire      2%         2d4       85%         4


Dungeon Overview and Level Annotations

Branches:
Dungeon (2/15)

Altars:

Annotations:
D:2 Natasha


Innate Abilities, Weirdness & Mutations

You cannot wear most types of armour.
You are amphibious.
You can wear up to eight rings at the same time.
Your skin changes colour to match your surroundings (Stealth+).
Your rubbery body absorbs attacks. (AC +1, EV +1)
((You are camouflaged when in or above water. (Stealth+)))
You have tentacles for arms and can constrict up to eight enemies at once.


Message History

You open the door.
Natasha, Servant of Life and Death comes into view.
Natasha hisses angrily.
You swap places.
Your hound disappears in a puff of smoke!
Casting: Call Canine Familiar (quite dangerous; 7% risk of failure)
Confirm with . or Enter, or press ? or * to list all spells.
The spell is quite dangerous to miscast (7% risk of failure)!
Continue anyway?
Your hound barely misses Natasha.
Natasha barely misses your hound.
Your hound bites Natasha but does no damage.
Natasha claws your hound!
Your hound barely misses Natasha.
Your hound misses Natasha.
Natasha casts a spell.
Your hound bites Natasha.
Natasha closely misses your hound.
Your hound closely misses Natasha.
You barely miss the white imp. You grab the white imp.
You constrict the white imp, but do no damage.
Your hound barely misses Natasha.
Natasha mumbles some strange words.
The white imp misses you.
You hit the white imp. You squeeze the white imp.
The white imp is heavily wounded.
You constrict the white imp.
Your hound barely misses Natasha.
Natasha misses your hound. The white imp hits you. The white imp freezes you.
Your hound bites Natasha.
You barely miss the white imp.
The white imp is heavily wounded.
You constrict the white imp, but do no damage.
Your hound barely misses Natasha.
Natasha claws your hound! The white imp hits you. The white imp freezes you.
You hit the white imp but do no damage.
The white imp is heavily wounded.
You constrict the white imp, but do no damage.
Your hound closely misses Natasha.
Natasha claws your hound but does no damage.
The iron imp barely misses you.
Your hound bites Natasha.
The white imp hits you.
* * * LOW HITPOINT WARNING * * *
The white imp freezes you.
You die...

#.##...####### #.##...#
#.##...# #.##...######. #
#.##<......... .#.#######
#.###..#######
....(....###.#.....†.....
.......5.........>..####.
.....hh5@#####.##.#.#.##.
##.####'## #.##.#.#....
#.# #....#.#.##. #.#
######.#.#.##. #..
..........#.##. ..#
............##. #.#
#####.......... #.#
#.......... ............


You could see an iron imp (summoned), Natasha (distracted, ally target), a white
imp (summoned) and a friendly hound (summoned).

Vanquished Creatures
  A jackal (D:1)
  2 bats (D:1)
3 creatures vanquished.

Vanquished Creatures (collateral kills)
  2 ball pythons (D:1)
  6 endoplasms (D:1)
  2 giant cockroaches
  4 goblins (D:1)
  3 hobgoblins (D:1)
  2 jackals (D:1)
  A kobold (D:1)
  A quokka (D:1)
  2 bats (D:1)
  4 frilled lizards (D:1)
  4 rats (D:1)
31 creatures vanquished.

Grand Total: 34 creatures vanquished

Notes
Turn   | Place    | Note
-------+----------+-------------------------------------------
     0 | D:1      | MacCMillion the Octopode Summoner began the quest for the
                  | Orb.
     0 | D:1      | Reached XP level 1. HP: 11/11 MP: 3/3
   271 | D:1      | Reached XP level 2. HP: 17/17 MP: 1/5
   990 | D:1      | Found a faded altar of an unknown god.
  1029 | D:1      | Reached XP level 3. HP: 21/21 MP: 4/6
  1035 | D:1      | Learned a level 3 spell: Call Canine Familiar
  2008 | D:2      | Noticed Natasha
  2019 | D:2      | Slain by a white imp

Illustrated notes

Levels and vault maps discovered:
D:1:      ncdulo_watergridlock, layout_basic, basic_ecumenical_altar
D:2:      layout_basic, basic_altar, serial_bayou_lagoon_a, minmay_unequal,
          uniq_natasha

Action                   || total
-------------------------++-------
Melee: Dagger            ||     9
       Constrict         ||     5
       Spear             ||     4
       Tentacles         ||     2
 Cast: Summon Small Mamm ||    45
       Call Canine Famil ||     5
Armor: Skin              ||     6
Dodge: Dodged            ||    22
